 Dungeon Crawl Stone Soup version 0.27.1-35-g4d5d836560 (webtiles) character file.

Game seed: 3281489048044155085

62 Froggeryz the Cudgeller (level 4, -3/32 HPs)
             Began as an Octopode Berserker on Oct 10, 2022.
             Was a Believer of Trog.
             Succumbed to an adder's poison
             ... on level 2 of the Dungeon.
             The game lasted 00:01:09 (1732 turns).

Froggeryz the Cudgeller (Octopode Berserker)        Turns: 1732, Time: 00:01:09

Health: -3/32      AC:  1    Str: 14 (16) XL:     4   Next: 8%
Magic:  4/4        EV: 13    Int:  7 (9)  God:    Trog [**....]
Gold:   33         SH:  0    Dex: 10 (12) Spells: 3/3 levels left

rFire    . . .     SeeInvis .   a - +0 mace
rCold    . . .     Faith    +   (no shield)
rNeg     . . .     Spirit   .   (helmet restricted)
rPois    .         Reflect  .   d - amulet of faith
rElec    .         Harm     .   (no ring)
rCorr    .         Rampage  .   (no ring)
Will     ++...                  (no ring)
Stlth    ++........             (no ring)
HPRegen  1.10/turn              (no ring)
MPRegen  0.09/turn              (no ring)
                                (no ring)
                                (no ring)

@: lethally poisoned (-3 -> -16), strong-willed, regenerating
A: almost no armour, amphibious, 8 rings, camouflage 1, gelatinous body 1,
(nimble swimmer 1), tentacles
a: Renounce Religion, Berserk, Trog's Hand


You were on level 2 of the Dungeon.
You worshipped Trog.
Trog was pleased with you.
You visited 1 branch of the dungeon, and saw 2 of its levels.

You collected 33 gold pieces.

Inventory:

Hand Weapons
 a - a +0 mace (weapon)
Missiles
 c - 2 throwing nets (quivered)
Jewellery
 d - an amulet of faith (around mantle)
Scrolls
 h - 2 scrolls of identify {unknown}
Potions
 b - a potion of heal wounds {unknown}
 f - a potion of resistance {unknown}
 g - a potion of flight {unknown}
 i - a potion of attraction {unknown}
 j - a potion of brilliance {unknown}


   Skills:
 + Level 3.6 Fighting
 * Level 4.3 Maces & Flails
 - Level 3.0 Dodging


You had 3 spell levels left.
You didn't know any spells.
Your spell library was empty.

Dungeon Overview and Level Annotations

Branches:
Dungeon (2/15)

Altars:

Shops:
D:1 [


Innate Abilities, Weirdness & Mutations

You cannot wear most types of armour.
You are amphibious.
You can wear up to eight rings at the same time.
Your skin changes colour to match your surroundings (Stealth+).
Your rubbery body absorbs attacks. (AC +1, EV +1)
((You are camouflaged near water. (Stealth+)))
You have tentacles for arms and can constrict up to eight enemies at once.


Message History

You thump the worm!
The worm is almost dead.
You constrict the worm.
You kill the worm!
Trog accepts your kill. The bat closely misses you.
You hit the bat.
You kill the bat!
Trog accepts your kill.
The adder hisses angrily.
You hear a shout!
A hobgoblin comes into view. 2 worms come into view.
Found 13 bolts.
The adder barely misses you.
There are monsters nearby!
There are monsters nearby!
The kobold shouts!
You hit the adder. Your grab misses the adder.
The adder is heavily wounded.
The adder bites you. x2
You are poisoned.
The adder poisons you!
You closely miss the adder. Your grab misses the adder. You squeeze the adder.
The adder is severely wounded.
You feel sick. The adder bites you.
You are lethally poisoned!
The adder poisons you!
Your skin crawls.
You feel strong-willed.
You feel very sick. The adder bites you.
* * * LOW HITPOINT WARNING * * *
You are lethally poisoned!
The adder poisons you! The adder bites you.
* * * LOW HITPOINT WARNING * * *
You are more poisoned.
The adder poisons you!
It was a potion of degeneration.
There was something very wrong with that liquid.
You feel weakened.
You feel dopey.
You feel clumsy.
You die...

#..# ###..#
#....# #.#..#
#######.########
................
..####....#...##
#....# .# #@...#
#(.KgS...##
#...w#...#
#..w.#...# #...
#..## #.## #..#
... ..## .. .##


You could see 2 worms, an adder, a hobgoblin and a kobold.

Vanquished Creatures
  A gnoll (D:1)
  A worm (D:2)
  2 dart slugs (D:1)
  5 ball pythons
  5 bats
  An endoplasm (D:2)
  6 goblins
  3 hobgoblins (D:1)
  3 jackals (D:1)
  2 quokkas (D:1)
  4 frilled lizards
  6 kobolds (D:1)
  5 rats
44 creatures vanquished.

Notes
Turn   | Place    | Note
-------+----------+-------------------------------------------
     0 | D:1      | Froggeryz the Octopode Berserker began the quest for the
                  | Orb.
     0 | D:1      | Reached XP level 1. HP: 16/16 MP: 1/1
   168 | D:1      | Found Quvi's Armour Boutique.
   222 | D:1      | Reached XP level 2. HP: 21/21 MP: 2/2
   259 | D:1      | Found a faded altar of an unknown god.
   546 | D:1      | Reached ** piety under Trog
   551 | D:1      | Reached XP level 3. HP: 14/26 MP: 3/3
  1142 | D:1      | Reached skill level 4 in Maces & Flails
  1717 | D:2      | Reached XP level 4. HP: 32/32 MP: 4/4
  1731 | D:2      | HP: 1/32 [adder (5)]
  1732 | D:2      | Succumbed to an adder's poison

Illustrated notes

Levels and vault maps discovered:
D:1:      dpeg_cavernosity, layout_loops_ring, serial_shops, shop,
          basic_ecumenical_altar, minivault_14, st_stairs_3
D:2:      minmay_recursive_quarters, layout_loops_ring,
          kennysheep_generic_room_6, uniq_crazy_yiuf_cottage

Skill      XL: |  1  2  3 |
---------------+----------+-----
Maces & Flails | 4 |  4.3
Fighting       | |  3.6
Dodging        | |  3.0

Action                   |  1- 3 |  4- 6 || total
-------------------------+-------+-------++-------
Melee: Mace              |    65 |     6 ||    71
       Constrict         |    21 |     1 ||    22
       Tentacles         |    12 |     2 ||    14
Invok: Trog's Hand       |       |     1 ||     1
  Use: Potion            |       |     1 ||     1
 Stab: Sleeping          |    10 |       ||    10
Armor: Skin              |     6 |     1 ||     7
Dodge: Dodged            |    38 |     5 ||    43
